 Dungeon Sprint DCSS version 0.23.0 (webtiles) character file.

Game seed: 10465662466069641841

59 Kairos the Shield-Bearer (level 4, 0/39 HPs)
             Began as a Formicid Fighter on Feb 12, 2019.
             Was an Elder of the Shining One.
             Slain by a fire elemental (9 damage)
             ... in the Dungeon (Sprint V: "Ziggurat Sprint").
             The game lasted 00:03:54 (195 turns).

Kairos the Shield-Bearer (Formicid Fighter)          Turns: 195, Time: 00:03:55

Health: 0/39       AC: 17    Str: 39    XL:     4   Next: 22%
Magic:  7/7        EV:  2    Int:  7    God:    the Shining One [****..]
Gold:   0          SH: 33    Dex:  5    Spells: 7/7 levels left

rFire    . . .     SeeInvis +   c - +5 executioner's axe
rCold    . . .     Gourm    .   n - +18 shield of the Gong {rElec rN+ MR+ EV-5}
rNeg     + + +     Faith    .   m - +5 plate armour of Noum {Str+5 Dex-5 Slay+6}
rPois    .         Spirit   .   (helmet unavailable)
rElec    +         Reflect  +   (no cloak)
rCorr    .         Harm     .   (no gloves)
MR       +....                  (no boots)
Stlth    ..........             A - +4 amulet of reflection
HPRegen  0.13/turn              I - +6 ring of strength
MPRegen  0.10/turn              J - +6 ring of strength

@: glowing
A: permanent stasis, dig shafts and tunnels, four strong arms, antennae 3
a: Dig, Divine Shield, Cleansing Flame, Renounce Religion


You were in the Dungeon.
You worshipped the Shining One.
The Shining One was greatly pleased with you.
You were not hungry.

You visited 1 branch

Inventory:

Hand Weapons
 c - a +5 executioner's axe (weapon)
 j - a +5 lajatang
 k - the +9 heavy crossbow "Sniper" {velocity, Acc+∞ SInv}
   (You found it in the Dungeon)

   Any bolt fired from it inflicts extra damage.
   It lets you see invisible.
 l - the cursed +14 obsidian axe {chop, +Fly SInv *Curse}
   (You found it in the Dungeon)

   It inflicts extra damage upon your enemies.
   It lets you see invisible.
   It lets you fly.
   It curses itself when equipped.
   It has a curse placed upon it.
   The Shining One disapproves of the use of such an item.
 o - the +7 great mace "Firestarter" {inner flame, rF++}
   (You found it in the Dungeon)

   It has been specially enchanted to burn those struck by it, causing extra
   injury to most foes and up to half again as much damage against particularly
   susceptible opponents.
   It greatly protects you from fire.
 p - the +8 lance "Wyrmbane" {slay drac, rPois rF+ rC+ AC+3}
   (You found it in the Dungeon)

   It affects your AC (+3).
   It protects you from fire.
   It protects you from cold.
   It protects you from poison.
Missiles
 h - 1000 bolts
Armour
 a - +5 gold dragon scales
 b - a +3 large shield
 m - the +5 plate armour of Noum (worn) {Str+5 Dex-5 Slay+6}
   (You found it in the Dungeon)

   It affects your strength (+5).
   It affects your dexterity (-5).
   It affects your accuracy and damage with ranged weapons and melee attacks
   (+6).
 n - the +18 shield of the Gong (worn) {rElec rN+ MR+ EV-5}
   (You found it in the Dungeon)

   It affects your evasion (-5).
   It insulates you from electricity.
   It protects you from negative energy.
   It affects your resistance to hostile enchantments.
Jewellery
 A - a +4 amulet of reflection (around neck)
 E - a +6 ring of dexterity
 F - a +6 ring of dexterity
 G - a +6 ring of intelligence
 H - a +6 ring of intelligence
 I - a +6 ring of strength (left hand)
 J - a +6 ring of strength (right hand)
Wands
 y - a wand of disintegration (7)
 C - a wand of iceblast (7)
 D - a wand of acid (7)
Scrolls
 q - 4 scrolls of amnesia
 r - 7 scrolls of fog
 s - a scroll of holy word
 t - 5 scrolls of identify
 u - 5 scrolls of remove curse
 v - 2 scrolls of fear
Potions
 d - 6 potions of might
 e - 10 potions of curing
 g - 10 potions of heal wounds
 i - 7 potions of magic
 w - 2 potions of brilliance
 x - 2 potions of invisibility
 z - 4 potions of resistance
 B - 5 potions of agility
Comestibles
 f - 7 rations


   Skills:
 + Level 5.2 Fighting
 + Level 3.2(3.3) Axes
 + Level 1.2(2.4) Maces & Flails
 + Level 2.0 Crossbows
 + Level 5.1 Armour
 + Level 1.7 Dodging
 + Level 2.7 Stealth
 + Level 5.8 Shields
 + Level 2.0 Spellcasting
 + Level 2.4 Invocations
 + Level 2.2 Evocations


You had 7 spell levels left.
You didn't know any spells.
Your spell library was empty.

Dungeon Overview and Level Annotations

Branches:
Dungeon (1/1)

Altars:
Ashenzari
Cheibriados
Dithmenos
Elyvilon
Fedhas
Gozag
Hepliaklqana
Kikubaaqudgha
Makhleb
Nemelex Xobeh
Okawaru
Qazlal
Ru
Sif Muna
Trog
Uskayaw
Vehumet
Wu Jian
Xom
Yredelemnul
Zin
The Shining One
Beogh
Jiyva
Lugonu

Annotations:
D 1 transporter


Innate Abilities, Weirdness & Mutations

You cannot be hasted, slowed, berserked, paralysed or teleported.
You can dig through walls and to a lower floor.
Your four strong arms can wield two-handed weapons with a shield.
You have a pair of large antennae on your head. (SInv)


Message History

You are too injured to fight recklessly!
Unknown command.
Unknown command.
You are too injured to fight recklessly!
Unknown command.
You are too injured to fight recklessly!
You slice the fire elemental!!
The fire elemental is almost destroyed.
You slash the fire elemental!
You hit the fire elemental but do no damage.
You block the fire elemental's attack.
PANG!
You block the fire elemental's attack.
GONNNNG!
You block the fire elemental's attack.
SHROANNG!
The fire elemental hits you. The fire elemental burns you!
* * * LOW HITPOINT WARNING * * *
The fire elemental hits you. The fire elemental burns you!
You die...

▓▓▓▓▓▓▓▓▓▓▓▓▓▓▓▓▓▓
▓.8©8.▓.8©8.▓.8©8.
{{
▓.)°[.▓..)".▓.....
{{
▓..)°.▓.....▓.}.).
▓.○.°.▓.....▓.....
▓E○○..▓.....▓.....
▓EE☼..▓.....▓..©..
▓@E©..▓..©..▓▓▓▓▓▓
▓▓▓▓▓▓▓▓▓▓▓▓▓ {{{
{{{ { { {


You could see 4 fire elementals.

Vanquished Creatures
  An iron imp (D)
  A mummy (D)
  A shadow imp (D)
  An adder zombie (D)
  A quokka zombie (D)
5 creatures vanquished.

Notes
Turn   | Place    | Note
-------+----------+-------------------------------------------
     0 | D        | Found the +6 Majin-Bo {vamp, Archmagi MP+6 Int+6}
     0 | D        | Found the +7 great mace "Firestarter" {inner flame, rF++}
     0 | D        | Kairos the Formicid Fighter began the quest for the Orb.
     0 | D        | Reached XP level 1. HP: 18/18 MP: 1/1
    21 | D        | Found a blossoming altar of Fedhas.
    23 | D        | Found a viscous altar of Jiyva.
    23 | D        | Found a hazy altar of Hepliaklqana.
    23 | D        | Found a transporter.
    23 | D        | Found an opulent altar of Gozag.
    23 | D        | Found an ancient bone altar of Kikubaaqudgha.
    23 | D        | Found a corrupted altar of Lugonu.
    39 | D        | Found a burning altar of Makhleb.
    40 | D        | Found a stormy altar of Qazlal.
    40 | D        | Found an iron altar of Okawaru.
    40 | D        | Found a sacrificial altar of Ru.
    40 | D        | Found a sparkling altar of Nemelex Xobeh.
    40 | D        | Found a deep blue altar of Sif Muna.
    40 | D        | Found a bloodstained altar of Trog.
    47 | D        | Found the +6 shillelagh "Devastator" {shatter}
    47 | D        | Found the +11 plutonium sword {*Contam Stlth-}
    47 | D        | Found the +8 lance "Wyrmbane" {slay drac, rPois rF+ rC+
                  | AC+3}
    47 | D        | Found the +9 sword of Zonguldrok {reap}
    47 | D        | Found the cursed +13 scythe of Curses {drain, *Curse}
    47 | D        | Found the +0 sword of Power
    47 | D        | Found the +7 mace of Variability {chain chaos}
    47 | D        | Found the +7 Singing Sword {slice, sonic wave}
    47 | D        | Found the +7 longbow "Piercer" {penet, EV-2}
    48 | D        | Found the +9 heavy crossbow "Sniper" {velocity, Acc+∞ SInv}
    48 | D        | Found the +10 dark maul {crush}
    48 | D        | Found the +18 shield of the Gong {rElec rN+ MR+ EV-5}
    48 | D        | Found the cursed +14 obsidian axe {chop, +Fly SInv *Curse}
    48 | D        | Got the +5 plate armour of Noum {Str+5 Dex-5 Slay+6}
   102 | D        | Became a worshipper of the Shining One
   135 | D        | Reached skill level 1 in Dodging
   135 | D        | Reached XP level 2. HP: 25/25 MP: 1/5
   137 | D        | Entered arena 2.
   137 | D        | Reached * piety under the Shining One
   137 | D        | Found a transporter.
   169 | D        | Entered arena 3.
   169 | D        | Reached ** piety under the Shining One
   169 | D        | Found a transporter.
   175 | D        | Reached *** piety under the Shining One
   175 | D        | Reached skill level 5 in Shields
   175 | D        | Reached XP level 3. HP: 30/31 MP: 6/6
   175 | D        | Reached skill level 5 in Fighting
   175 | D        | Reached skill level 1 in Maces & Flails
   175 | D        | Reached skill level 5 in Armour
   175 | D        | Reached XP level 4. HP: 35/39 MP: 7/7
   191 | D        | Entered arena 4.
   191 | D        | Noticed a fire elemental
   191 | D        | Noticed a fire elemental
   191 | D        | Reached **** piety under the Shining One
   191 | D        | Noticed a fire elemental
   191 | D        | Noticed a fire elemental
   191 | D        | Found a transporter.
   195 | D        | Slain by a fire elemental

Skill      XL: |  1  2  3 |
---------------+----------+-----
Fighting       | 4 5 |  5.2
Axes           | 3 |  3.2
Crossbows      | 2 |  2.0
Armour         | 4 5 |  5.1
Dodging        | 1 |  1.7
Stealth        | 2 |  2.7
Shields        | 4 5 |  5.8
Spellcasting   | 2 |  2.0
Invocations    | 2 |  2.4
Evocations     | 2 |  2.2
Maces & Flails | 1 |  1.2

Action                   |  1- 3 |  4- 6 || total
-------------------------+-------+-------++-------
Melee: Great mace        |     7 |     1 ||     8
       Executioner's axe |       |     1 ||     1
  Use: Potion            |     1 |       ||     1
Armor: Plate armour      |     3 |     4 ||     7
Dodge: Dodged            |     1 |       ||     1
Block: Shield            |    12 |     7 ||    19
